PBL
PHILADELPHIA PHILLIES @ CHICAGO CUBS
07/20/2071
 
TOP OF THE 1ST
Philadelphia Phillies batting - Pitching for Chicago Cubs : RHP José Muñóz
Pitching: RHP José Muñóz
Batting: LHB Iván Ruíz 0-0: Ball
1-0: SINGLE (Line Drive, 8LS, EV 99.4 MPH)
Batting: LHB Alonso Castillo 0-0: Ball
1-0: Ball
2-0: Fly out, F3 (Line Drive, 34, EV 105.6 MPH)
Lined into DP, U3 (Line Drive, 34, EV 105.6 MPH)
Batting: LHB John Myers 0-0: Ball
1-0: Ball
2-0: Ball
3-0: Called Strike
3-1: Foul Ball, location: 25F
3-2: DOUBLE (Line Drive, 78M, EV 96.9 MPH)
Batting: RHB Ezra Schneider 0-0: Ball
1-0: Foul Ball, location: 9LMF
1-1: Foul Ball, location: 9LDF
1-2: Foul Ball, location: 25F
1-2: Fly out, F9 (Flyball, 89M, EV 95.6 MPH)
Top of the 1st over - 0 runs, 2 hits, 0 errors, 1 left on base; Philadelphia 0 - Chicago 0
BOTTOM OF THE 1ST
Chicago Cubs batting - Pitching for Philadelphia Phillies : RHP Mike Lowery
Pitching: RHP Mike Lowery
Batting: RHB Ángelo Chávez 0-0: Ball
1-0: Ground out 5-3 (Groundball, 56, EV 83.1 MPH)
Batting: LHB Yan Peltier 0-0: Called Strike
0-1: Ball
1-1: Ball
2-1: Ball
3-1: Called Strike
3-2: Ground out 4-3 (Groundball, 4S, EV 61.3 MPH)
Batting: SHB Jesús Mora 0-0: Ball
1-0: Ball
2-0: DOUBLE (Flyball, 89XD, EV 96.9 MPH)
Batting: SHB George Moore 0-0: Foul Ball, location: 2RF
0-1: DOUBLE (Groundball, 3L, EV 105.0 MPH)
Jesús Mora scores
Batting: RHB Pedro Hernández 0-0: SINGLE (Flyball, 4D, EV 83.8 MPH)
George Moore to third
Runner from 3rd tries for Home, SAFE, throw by CF to home
Batting: SHB Michael Davidson 0-0: Called Strike
0-1: Called Strike
0-2: Ball
1-2: Foul Ball, location: 2F
1-2: Fielders Choice at 2nd, U6 (Groundball, 4M, EV 82.5 MPH)
Bottom of the 1st over - 2 runs, 3 hits, 0 errors, 1 left on base; Philadelphia 0 - Chicago 2
TOP OF THE 2ND
Philadelphia Phillies batting - Pitching for Chicago Cubs : RHP José Muñóz
Batting: RHB Alfonso Díaz 0-0: Called Strike
0-1: Ball
1-1: Ball
2-1: SINGLE (Groundball, 6M, EV 104.4 MPH) (infield hit)
Batting: RHB Kei Goto 0-0: Ball
1-0: Grounds into double play, 5-4-3 (Groundball, 5, EV 81.9 MPH)
Batting: LHB Tom Huey 0-0: Called Strike
0-1: Ball
1-1: Foul Ball, location: 9LMF
1-2: Ball
2-2: Ball
3-2: Base on Balls
Batting: LHB César Pérez 0-0: Called Strike
0-1: Fly out, F9 (Flyball, 89D, EV 91.9 MPH)
Top of the 2nd over - 0 runs, 1 hit, 0 errors, 1 left on base; Philadelphia 0 - Chicago 2
BOTTOM OF THE 2ND
Chicago Cubs batting - Pitching for Philadelphia Phillies : RHP Mike Lowery
Batting: RHB Robert Picot 0-0: Ball
1-0: Ground out 4-3 (Groundball, 4, EV 91.3 MPH)
Batting: RHB Iván Valpreda 0-0: Ball
1-0: Called Strike
1-1: Foul Ball, location: 3F
1-2: Ball
2-2: Foul Ball, location: 2F
2-2: Ball
3-2: SINGLE (Groundball, 4MD, EV 105.6 MPH)
Batting: LHB Orlando Melero 0-0: Called Strike
0-1: Called Strike
0-2: Ball
1-2: DOUBLE (Flyball, 8RXD, EV 95.6 MPH)
Iván Valpreda to third
Runner from 3rd tries for Home, SAFE, throw by CF to home
Batting: RHB Ángelo Chávez 0-0: SINGLE (Line Drive, 6D, EV 97.5 MPH)
Orlando Melero to third
Batting: LHB Yan Peltier 0-0: DOUBLE (Line Drive, 9LS, EV 109.4 MPH)
Orlando Melero scores
Ángelo Chávez to third
Batting: SHB Jesús Mora 0-0: Called Strike
0-1: Called Strike
0-2: Strikes out looking
Batting: SHB George Moore 0-0: Called Strike
0-1: Ball
1-1: Ball
2-1: Ball
3-1: SINGLE (Line Drive, 34D, EV 103.8 MPH)
Ángelo Chávez scores
Yan Peltier to third
Runner from 3rd tries for Home, SAFE, throw by RF to home
Batting: RHB Pedro Hernández 0-0: Ball
1-0: Ball
2-0: Called Strike
2-1: Ball
3-1: Fielders Choice at 2nd, 5-4 (Groundball, 56, EV 104.4 MPH)
Bottom of the 2nd over - 4 runs, 5 hits, 0 errors, 1 left on base; Philadelphia 0 - Chicago 6
TOP OF THE 3RD
Philadelphia Phillies batting - Pitching for Chicago Cubs : RHP José Muñóz
Batting: RHB Atas Sekayi 0-0: Ball
1-0: Ball
2-0: Ball
3-0: Called Strike
3-1: Base on Balls
Batting: LHB Iván Ruíz 0-0: Ball
1-0: SINGLE (Line Drive, 89S, EV 100.0 MPH)
Atas Sekayi to second
Runner from 2nd tries for 3rd, SAFE, throw by CF made to third
Batting: LHB Alonso Castillo 0-0: Fielders Choice at 2nd, 5-4 (Groundball, 5, EV 83.8 MPH)
Atas Sekayi scores
Batting: LHB John Myers 0-0: Called Strike
0-1: Fly out, F7 (Flyball, 7, EV 98.1 MPH)
Batting: RHB Ezra Schneider 0-0: Ball
1-0: Called Strike
1-1: Foul Ball, location: 7LSF
1-2: Ball
2-2: Foul Ball, location: 3FF
2-2: Strikes out looking
Top of the 3rd over - 1 run, 1 hit, 0 errors, 1 left on base; Philadelphia 1 - Chicago 6
BOTTOM OF THE 3RD
Chicago Cubs batting - Pitching for Philadelphia Phillies : RHP Mike Lowery
Batting: SHB Michael Davidson 0-0: Ball
1-0: Swinging Strike
1-1: Ball
2-1: Ball
3-1: Foul Ball, location: 7LSF
3-2: Foul Ball, location: 2F
3-2: Strikes out swinging
Batting: RHB Robert Picot 0-0: Ball
1-0: Fly out, F8 (Flyball, 8LD, EV 102.5 MPH)
Batting: RHB Iván Valpreda 0-0: Ball
1-0: SINGLE (Groundball, 34D, EV 100.0 MPH)
Pitching: RHP Juan Hernández
Batting: LHB Orlando Melero 0-0: Ball
1-0: Ball
2-0: Ball
3-0: Called Strike
3-1: Called Strike
3-2: Fly out, F8 (Flyball, 8LM, EV 93.1 MPH)
Bottom of the 3rd over - 0 runs, 1 hit, 0 errors, 1 left on base; Philadelphia 1 - Chicago 6
TOP OF THE 4TH
Philadelphia Phillies batting - Pitching for Chicago Cubs : RHP José Muñóz
Batting: RHB Alfonso Díaz 0-0: Called Strike
0-1: Ball
1-1: Foul Ball, location: 2F
1-2: Ball
2-2: Strikes out swinging
Batting: RHB Kei Goto 0-0: Ball
1-0: Ball
2-0: Ball
3-0: Called Strike
3-1: Called Strike
3-2: Foul Ball, location: 7LMFF
3-2: Foul Ball, location: 25FF
3-2: Strikes out swinging
Batting: LHB Tom Huey 0-0: Ball
1-0: Swinging Strike
1-1: Foul Ball, location: 7LDF
1-2: Ball
2-2: Ball
3-2: Ground out 6-3 (Groundball, 6, EV 104.4 MPH)
Top of the 4th over - 0 runs, 0 hits, 0 errors, 0 left on base; Philadelphia 1 - Chicago 6
BOTTOM OF THE 4TH
Chicago Cubs batting - Pitching for Philadelphia Phillies : RHP Juan Hernández
Batting: RHB Ángelo Chávez 0-0: Swinging Strike
0-1: Called Strike
0-2: Ball
1-2: Strikes out swinging
Batting: LHB Yan Peltier 0-0: Ball
1-0: Ball
2-0: Foul Ball, location: 7LMF
2-1: Foul Ball, location: 2F
2-2: Foul Ball, location: 7LMF
2-2: Fly out, F8 (Flyball, 8LD, EV 97.5 MPH)
Batting: SHB Jesús Mora 0-0: Ground out 2-3 (Groundball, 2L, EV 71.3 MPH)
Bottom of the 4th over - 0 runs, 0 hits, 0 errors, 0 left on base; Philadelphia 1 - Chicago 6
TOP OF THE 5TH
Philadelphia Phillies batting - Pitching for Chicago Cubs : RHP José Muñóz
Batting: LHB César Pérez 0-0: Ground out 4-3 (Groundball, 4MS, EV 84.4 MPH)
Batting: RHB Atas Sekayi 0-0: Called Strike
0-1: Ball
1-1: Called Strike
1-2: Ball
2-2: Ball
3-2: Foul Ball, location: 2F
3-2: Base on Balls
Batting: LHB Iván Ruíz 0-0: Foul Ball, location: 2F
0-1: Swinging Strike
0-2: Ball
1-2: Strikes out swinging
Batting: LHB Alonso Castillo 0-0: Ball
1-0: Called Strike
1-1: Called Strike
1-2: Foul Ball, location: 2F
1-2: Ball
2-2: Foul Ball, location: 25F
2-2: Ball
3-2: Foul Ball, location: 2F
3-2: Base on Balls
Atas Sekayi to second
Batting: LHB John Myers 0-0: Ball
1-0: Foul Ball, location: 7LMF
1-1: Foul Ball, location: 5DF
1-2: Foul Ball, location: 5FF
1-2: Foul Ball, location: 5F
1-2: Foul Ball, location: 2F
1-2: Ball
2-2: Ball
3-2: Base on Balls
Atas Sekayi to third
Alonso Castillo to second
Batting: RHB Ezra Schneider 0-0: Ball
1-0: Swinging Strike
1-1: Called Strike
1-2: Ball
2-2: Strikes out swinging
Top of the 5th over - 0 runs, 0 hits, 0 errors, 3 left on base; Philadelphia 1 - Chicago 6
BOTTOM OF THE 5TH
Chicago Cubs batting - Pitching for Philadelphia Phillies : RHP Juan Hernández
Batting: SHB George Moore 0-0: Ball
1-0: Ball
2-0: Swinging Strike
2-1: SINGLE (Groundball, 4MD, EV 100.0 MPH)
Batting: RHB Pedro Hernández 0-0: Foul Ball, location: 2F
0-1: Swinging Strike
0-2: Ball
1-2: Ball
2-2: Strikes out swinging
Batting: SHB Michael Davidson 0-0: Ball
1-0: Ball
2-0: Grounds into double play, 4-6-3 (Groundball, 34, EV 84.4 MPH)
Bottom of the 5th over - 0 runs, 1 hit, 0 errors, 0 left on base; Philadelphia 1 - Chicago 6
TOP OF THE 6TH
Philadelphia Phillies batting - Pitching for Chicago Cubs : RHP José Muñóz
Pitching: RHP Jeff Frank
Batting: RHB Alfonso Díaz 0-0: Called Strike
0-1: Foul Ball, location: 9LMF
0-2: Ball
1-2: Ball
2-2: Foul Ball, location: 9LMF
2-2: Ball
3-2: Base on Balls
Batting: RHB Kei Goto 0-0: Ball
1-0: Fly out, F9 (Flyball, 89M, EV 93.1 MPH)
Batting: LHB Tom Huey 0-0: Called Strike
0-1: Ball
1-1: Foul Ball, location: 2F
1-2: Foul Ball, location: 2F
1-2: Foul Ball, location: 2F
1-2: Strikes out swinging
Batting: LHB César Pérez 0-0: Foul Ball, location: 2LF
0-1: Called Strike
0-2: Strikes out looking
Top of the 6th over - 0 runs, 0 hits, 0 errors, 1 left on base; Philadelphia 1 - Chicago 6
BOTTOM OF THE 6TH
Chicago Cubs batting - Pitching for Philadelphia Phillies : RHP Juan Hernández
Batting: RHB Robert Picot 0-0: Called Strike
0-1: Ball
1-1: Ball
2-1: Ball
3-1: Base on Balls
Batting: RHB Iván Valpreda 0-0: Called Strike
0-1: Ball
1-1: Grounds into double play, 6-4-3 (Groundball, 6, EV 86.3 MPH)
Batting: LHB Orlando Melero 0-0: Ball
1-0: Foul Ball, location: 2F
1-1: Ball
2-1: Ball
3-1: Foul Ball, location: 7LMF
3-2: Foul Ball, location: 9LSF
3-2: Base on Balls
Pitching: RHP Mark Fletcher
Batting: RHB Ángelo Chávez 0-0: SINGLE (Line Drive, 9LS, EV 103.8 MPH)
Orlando Melero to second
Runner from 2nd tries for 3rd, SAFE, throw by RF made to third
Batting: LHB Yan Peltier 0-0: Foul Ball, location: 5SF
0-1: Ball
1-1: SINGLE (Groundball, 56D, EV 104.4 MPH)
Orlando Melero scores
Ángelo Chávez to second
Batting: SHB Jesús Mora 0-0: SINGLE (Line Drive, 89S, EV 96.9 MPH)
Ángelo Chávez to third
Yan Peltier to second
Runner from 3rd tries for Home, SAFE, throw by RF to home
Batting: SHB George Moore 0-0: Foul Ball, location: 23F
0-1: Ball
1-1: Foul Ball, location: 2F
1-2: Fly out, F7 (Flyball, 78M, EV 89.4 MPH)
Bottom of the 6th over - 2 runs, 3 hits, 0 errors, 2 left on base; Philadelphia 1 - Chicago 8
TOP OF THE 7TH
Philadelphia Phillies batting - Pitching for Chicago Cubs : RHP Jeff Frank
Batting: RHB Atas Sekayi 0-0: Ball
1-0: Foul Ball, location: 5FF
1-1: Ground out U3 (Groundball, 34S, EV 67.5 MPH)
Batting: LHB Iván Ruíz 0-0: Ball
1-0: Called Strike
1-1: Swinging Strike
1-2: Ball
2-2: Strikes out swinging
Batting: LHB Alonso Castillo 0-0: Called Strike
0-1: Foul Ball, location: 3F
0-2: Ground out 4-3 (Groundball, 34, EV 81.3 MPH)
Top of the 7th over - 0 runs, 0 hits, 0 errors, 0 left on base; Philadelphia 1 - Chicago 8
BOTTOM OF THE 7TH
Chicago Cubs batting - Pitching for Philadelphia Phillies : RHP Mark Fletcher
Batting: RHB Pedro Hernández 0-0: Foul Ball, location: 2F
0-1: Foul Ball, location: 2F
0-2: Strikes out swinging
Pinch Hitting: LHB Larry Johnson 0-0: Called Strike
0-1: Called Strike
0-2: Strikes out swinging
Batting: RHB Robert Picot 0-0: Called Strike
0-1: Ball
1-1: Foul Ball, location: 9LDF
1-2: Strikes out swinging
Bottom of the 7th over - 0 runs, 0 hits, 0 errors, 0 left on base; Philadelphia 1 - Chicago 8
TOP OF THE 8TH
Philadelphia Phillies batting - Pitching for Chicago Cubs : RHP Jeff Frank
Pitching: RHP Ricardo Ramírez
Now in RF: Larry Johnson
Batting: LHB John Myers 0-0: Ball
1-0: Called Strike
1-1: Ball
2-1: Fly out, F5 (Popup, 5S, EV 72.5 MPH)
Batting: RHB Ezra Schneider 0-0: Ball
1-0: SINGLE (Groundball, 6MD, EV 105.6 MPH)
Batting: RHB Alfonso Díaz 0-0: Ball
1-0: Ball
2-0: Ball
3-0: Called Strike
3-1: Called Strike
3-2: Foul Ball, location: 2F
3-2: Foul Ball, location: 2F
3-2: Strikes out looking
Batting: RHB Kei Goto 0-0: Foul Ball, location: 9LDF
0-1: Ball
1-1: Ground out 4-3 (Groundball, 4S, EV 71.9 MPH)
Top of the 8th over - 0 runs, 1 hit, 0 errors, 1 left on base; Philadelphia 1 - Chicago 8
BOTTOM OF THE 8TH
Chicago Cubs batting - Pitching for Philadelphia Phillies : RHP Mark Fletcher
Batting: RHB Iván Valpreda 0-0: Called Strike
0-1: Reached on error, E8 (Flyball, 8RS, EV 85.0 MPH)
Batting: LHB Orlando Melero 0-0: Ball
1-0: Ball
2-0: Ball
3-0: Base on Balls
Iván Valpreda to second
Batting: RHB Ángelo Chávez 0-0: Hit by Pitch
Iván Valpreda to third
Orlando Melero to second
Batting: LHB Yan Peltier 0-0: Foul Ball, location: 7LSF
0-1: Foul Ball, location: 3FF
0-2: Ball
1-2: SINGLE (Groundball, 4MD, EV 96.9 MPH)
Iván Valpreda scores
Orlando Melero to third
Ángelo Chávez to second
Pinch Hitting: RHB José Rodríguez 0-0: Fly out, F4 (Line Drive, 4, EV 68.8 MPH)
Lined into DP, 4-6 (Line Drive, 4, EV 68.8 MPH)
Batting: SHB George Moore 0-0: Ball
1-0: Foul Ball, location: 23F
1-1: Ball
2-1: Foul Ball, location: 7LSF
2-2: Strikes out looking
Bottom of the 8th over - 1 run, 1 hit, 1 error, 2 left on base; Philadelphia 1 - Chicago 9
TOP OF THE 9TH
Philadelphia Phillies batting - Pitching for Chicago Cubs : RHP Ricardo Ramírez
Now at 2B: José Rodríguez
Batting: LHB Tom Huey 0-0: Ball
1-0: Swinging Strike
1-1: Swinging Strike
1-2: Foul Ball, location: 3F
1-2: Ball
2-2: Fly out, F6 (Popup, 6S, EV 85.6 MPH)
Batting: LHB César Pérez 0-0: Ball
1-0: Ball
2-0: Called Strike
2-1: Ball
3-1: Called Strike
3-2: Base on Balls
Batting: RHB Atas Sekayi 0-0: Ball
1-0: Ball
2-0: Called Strike
2-1: Ball
3-1: Base on Balls
César Pérez to second
Pitching: RHP Michael Riley
Batting: LHB Iván Ruíz 0-0: Foul Ball, location: 2F
0-1: Swinging Strike
0-2: Ball
1-2: Strikes out looking
Batting: LHB Alonso Castillo 0-0: Ball
1-0: Called Strike
1-1: Swinging Strike
1-2: Fly out, F8 (Flyball, 8RD, EV 95.6 MPH)
Top of the 9th over - 0 runs, 0 hits, 0 errors, 2 left on base; Philadelphia 1 - Chicago 9
Thursday, May 2nd , 2024 - OOTP Baseball 24.10 Build 82